[Event "ICC tourney 1981 (45 10)"]
[Site "Internet Chess Club"]
[Date "2020.08.29"]
[Round "1"]
[White "Rhinoguy"]
[Black "aslan777"]
[Result "0-1"]
[ICCResult "White checkmated"]
[WhiteElo "1146"]
[BlackElo "519"]
[Opening "Scandinavian (center counter) defense"]
[ECO "B01"]
[NIC "SD.01"]
[Time "11:01:52"]
[TimeControl "2700+10"]

1. e4 d5 2. exd5 Qxd5 3. Nc3 Qa5 4. Nf3 Nf6 5. d4 c6 6. Bc4 Bg4 7. O-O e6 8.
h3 Bh5 9. Be3 Bd6 10. Re1 O-O 11. Be2 Nd5 12. Nxd5 Qxd5 13. Qd3 Bg6 14. Qb3
Na6 15. Qxb7 Nb4 16. c4 Qf5 17. Qd7 Rfd8 18. Qb7 Nc2 19. Nh4 Qf6 20. Nxg6
hxg6 21. Qxc6 Nxa1 22. Rxa1 Rac8 23. Qb5 Rb8 24. Qa5 Rxb2 25. Bf3 Rdb8 26.
Qxa7 Rb1+ 27. Rxb1 Rxb1+ 28. Bc1 Rxc1+ 29. Bd1 Rxd1# {White checkmated} 0-1

[Event "ICC tourney 1981 (45 10)"]
[Site "Internet Chess Club"]
[Date "2020.08.29"]
[Round "1"]
[White "Anichess2009"]
[Black "bpchoppara"]
[Result "0-1"]
[ICCResult "White resigns"]
[WhiteElo "483"]
[BlackElo "1148"]
[Opening "Giuoco Pianissimo"]
[ECO "C50"]
[NIC "IG.02"]
[Time "11:01:59"]
[TimeControl "2700+10"]

1. e4 e5 2. Nf3 Nc6 3. Bc4 Bc5 4. d3 Nge7 5. O-O d6 6. Ng5 O-O 7. Nxf7 Rxf7
8. Bxf7+ Kxf7 9. Qf3+ Kg8 10. Bg5 Qf8 11. Qxf8+ Kxf8 12. Nc3 Be6 13. a3 h6
14. Bxe7+ Kxe7 15. Nd5+ Kd7 16. b4 Bb6 17. Nxb6+ axb6 18. b5 Nd4 19. c4 c6
20. bxc6+ bxc6 21. a4 Bg4 22. f3 Be6 23. Ra3 Nc2 24. Ra2 Nb4 25. Ra3 Nc2 26.
Ra2 Nb4 27. Ra3 c5 28. Rb1 Nc2 29. Rc3 Nb4 30. Ra3 Kc7 31. Kf2 Bd7 32. Ke2
Nc2 33. Ra2 Nd4+ 34. Kd2 Rxa4 35. Rxa4 Bxa4 36. Ke3 Kb7 37. f4 Bc2 38. Rb2
exf4+ 39. Kxf4 Bxd3 40. e5 dxe5+ 41. Kxe5 Bxc4 42. g4 Be6 43. h3 Bf7 44. h4
Nf3+ 45. Kf4 {White resigns} 0-1

[Event "ICC tourney 1981 (45 10)"]
[Site "Internet Chess Club"]
[Date "2020.08.29"]
[Round "1"]
[White "sharanyavpandey"]
[Black "AJRChess2011"]
[Result "1-0"]
[ICCResult "Black resigns"]
[WhiteElo "906"]
[BlackElo "1178"]
[Opening "Sicilian defense"]
[ECO "B30"]
[NIC "SI.31"]
[Time "11:01:53"]
[TimeControl "2700+10"]

1. e4 c5 2. Nf3 Nc6 3. Nc3 g6 4. d3 Bg7 5. Bd2 Nf6 6. Be2 O-O 7. O-O d5 8.
exd5 Nxd5 9. Nxd5 Qxd5 10. c4 Qd6 11. Rb1 Bg4 12. Qb3 Rab8 13. Rfe1 Bxf3 14.
Bxf3 Nd4 15. Qd1 Rfd8 16. Be3 Nxf3+ 17. Qxf3 Qxd3 18. Bxc5 Qxf3 19. gxf3 e6
20. Bxa7 Rbc8 21. b3 Ra8 22. Bb6 Rd3 23. Re3 Rxe3 24. fxe3 Rxa2 25. Bc7 Re2
26. e4 Bd4+ 27. Kf1 Rxh2 28. Bxh2 {Black resigns} 1-0

[Event "ICC tourney 1981 (45 10)"]
[Site "Internet Chess Club"]
[Date "2020.08.29"]
[Round "1"]
[White "Maximusiv"]
[Black "Electryon"]
[Result "1-0"]
[ICCResult "Black resigns"]
[WhiteElo "1072"]
[BlackElo "1349"]
[Opening "Scandinavian (center counter) defense"]
[ECO "B01"]
[NIC "SD.02"]
[Time "11:06:10"]
[TimeControl "2700+10"]

1. e4 d5 2. exd5 Qxd5 3. Nc3 Qd8 4. Nf3 c6 5. Bc4 Bg4 6. Bxf7+ Kd7 7. Ne5+
Kc7 8. Qxg4 Nf6 9. Qg3 Qd6 10. Nf3 Qxg3 11. hxg3 Nbd7 12. d3 e5 13. Ne4 Be7
14. Be3 Ng4 15. Be6 Nxe3 16. fxe3 Bd6 17. Nxd6 Kxd6 18. Bxd7 Kxd7 19. Nxe5+
Kc7 20. O-O-O Raf8 21. Rdf1 h6 22. Ng6 Rxf1+ 23. Rxf1 Re8 24. e4 Re6 25.
Rf7+ Kb6 26. Rxg7 Rf6 27. Nf4 c5 28. Nd5+ {Black resigns} 1-0

[Event "ICC tourney 1981 (45 10)"]
[Site "Internet Chess Club"]
[Date "2020.08.29"]
[Round "1"]
[White "charanreddy"]
[Black "harijangam"]
[Result "1-0"]
[ICCResult "Black checkmated"]
[WhiteElo "1132"]
[BlackElo "214"]
[Opening "Sicilian: closed, 2...Nc6"]
[ECO "B23"]
[NIC "SI.44"]
[Time "11:01:59"]
[TimeControl "2700+10"]

1. e4 c5 2. Nc3 Nc6 3. Bb5 e5 4. Nf3 Nf6 5. Bxc6 dxc6 6. Nxe5 Qe7 7. Nf3 Bg4
8. d3 O-O-O 9. Bf4 g5 10. Bxg5 h6 11. Bf4 Nh5 12. Qd2 Bxf3 13. gxf3 Rg8 14.
O-O-O Bg7 15. Bxh6 c4 16. Qg5 Qxg5+ 17. Bxg5 f6 18. Be3 Kb8 19. dxc4 f5 20.
Ne2 Rxd1+ 21. Rxd1 Kc7 22. Nf4 Nxf4 23. Bxf4+ Kb6 24. Rg1 Bxb2+ 25. Kxb2
Rxg1 26. exf5 Rg2 27. Bg3 Rg1 28. f6 Re1 29. f7 Kc5 30. f8=Q+ Kxc4 31. Qd6
a5 32. a4 b6 33. Be5 c5 34. Qd3+ Kb4 35. Qb3# {Black checkmated} 1-0

[Event "ICC tourney 1981 (45 10)"]
[Site "Internet Chess Club"]
[Date "2020.08.29"]
[Round "1"]
[White "worldcupgirl"]
[Black "bsarvagnya"]
[Result "1-0"]
[ICCResult "Black checkmated"]
[WhiteElo "1376"]
[BlackElo "1088"]
[Opening "Scotch: Schmidt variation"]
[ECO "C45"]
[NIC "SO.04"]
[Time "11:02:03"]
[TimeControl "2700+10"]

1. e4 e5 2. Nf3 Nc6 3. d4 exd4 4. Nxd4 Nf6 5. Nxc6 bxc6 6. Bd3 d5 7. e5 Ne4
8. Bxe4 dxe4 9. Qxd8+ Kxd8 10. O-O Ke7 11. Nc3 Bf5 12. Bf4 Ke6 13. Rfe1 Bb4
14. Re3 Bc5 15. Rg3 g6 16. a3 Bd4 17. Rd1 Bxe5 18. Bxe5 Kxe5 19. Re3 Rad8
20. Rde1 Rd4 21. f3 Kf4 22. Nxe4 Re8 23. g3+ Ke5 24. Ng5+ Kf6 25. Nxh7+ Kg7
26. Rxe8 Kxh7 27. R8e7 Rd7 28. Rxd7 Bxd7 29. Re7 Be6 30. Rxc7 Kg7 31. Rxa7
Bd5 32. Kf2 Kf6 33. Rc7 Ke6 34. b3 Kd6 35. Rc8 Be6 36. Rh8 g5 37. c4 c5 38.
Ke3 Bf5 39. Rh6+ Kc7 40. b4 cxb4 41. axb4 g4 42. fxg4 Bxg4 43. Rh7 Be6 44.
Rg7 Bxc4 45. h4 Kd7 46. h5 Ke7 47. h6 Kf8 48. Rg4 Bb5 49. h7 Ke7 50. h8=Q
Bd7 51. Qe5+ Kf8 52. Rh4 f6 53. Qxf6+ Kg8 54. Rh8# {Black checkmated} 1-0

[Event "ICC tourney 1981 (45 10)"]
[Site "Internet Chess Club"]
[Date "2020.08.29"]
[Round "1"]
[White "aryasaravanan"]
[Black "alphablitz"]
[Result "1-0"]
[ICCResult "Black checkmated"]
[WhiteElo "1172"]
[BlackElo "718"]
[Opening "Scotch gambit"]
[ECO "C44"]
[NIC "SO.06"]
[Time "11:01:56"]
[TimeControl "2700+10"]

1. e4 e5 2. Nf3 Nc6 3. d4 exd4 4. Bc4 f6 5. Nxd4 Nxd4 6. Qxd4 Ne7 7. Nc3 Nc6
8. Qd1 Bc5 9. Qh5+ g6 10. Qxc5 d6 11. Qe3 Qe7 12. Nd5 Qg7 13. Qc3 Rf8 14.
Bb5 Kd8 15. Bxc6 bxc6 16. Qxc6 Rb8 17. Bh6 Qxh6 18. Qxc7+ Ke8 19. Qe7#
{Black checkmated}
1-0

[Event "ICC tourney 1981 (45 10)"]
[Site "Internet Chess Club"]
[Date "2020.08.29"]
[Round "1"]
[White "pullabhotla"]
[Black "JCJ2018"]
[Result "0-1"]
[ICCResult "White checkmated"]
[WhiteElo "1079"]
[BlackElo "997"]
[Opening "Four knights: Italian variation"]
[ECO "C55"]
[NIC "IG.01"]
[Time "11:01:55"]
[TimeControl "2700+10"]

1. e4 e5 2. Nf3 Nc6 3. Bc4 Nf6 4. Nc3 Bb4 5. O-O Bxc3 6. dxc3 Nxe4 7. Qd5
Nd6 8. Re1 Nxc4 9. Bg5 f6 10. Bh4 Nb6 11. Qb3 d6 12. Rad1 Qe7 13. a4 h5 14.
Qa2 g5 15. a5 Be6 16. b3 Nd7 17. a6 b6 18. Re3 gxh4 19. Nxh4 Rg8 20. Rde1 f5
21. f4 Qxh4 22. g3 Qf6 23. fxe5 dxe5 24. Qa4 Ne7 25. Rxe5 b5 26. Qxb5 c6 27.
Qb7 Nxe5 28. Qxa8+ Kf7 29. Qxa7 Nf3+ 30. Kf2 Nxe1 31. Kxe1 Qxc3+ 32. Kd1
Rd8+ 33. Kc1 Qa1# {White checkmated} 0-1

[Event "ICC tourney 1981 (45 10)"]
[Site "Internet Chess Club"]
[Date "2020.08.29"]
[Round "1"]
[White "CajunWyoCowboy"]
[Black "PirateKing"]
[Result "1-0"]
[ICCResult "Black resigns"]
[WhiteElo "1274"]
[BlackElo "849"]
[Opening "Queen's pawn, Mason variation"]
[ECO "D00"]
[NIC "QP.08"]
[Time "11:01:54"]
[TimeControl "2700+10"]

1. d4 d5 2. Bf4 Bf5 3. Nc3 a6 4. e3 Nf6 5. f3 e6 6. a3 Bd6 7. Bd3 Bxd3 8.
Qxd3 Bxf4 9. exf4 O-O 10. O-O-O Nc6 11. Nge2 Na5 12. b3 Qe7 13. Kb2 Qd6 14.
g3 h6 15. g4 Nh7 16. h4 f6 17. f5 e5 18. dxe5 Qxe5 19. Qxd5+ Qxd5 20. Rxd5
Nc6 21. Nf4 Ne5 22. Ne6 Rf7 23. Rhd1 Nc6 24. Rd7 Rxd7 25. Rxd7 Nf8 26. Rxg7+
Kh8 27. Rxc7 Nxe6 28. fxe6 Re8 29. Rxb7 Rxe6 30. Rb6 Nd4 31. Rxe6 Nxe6 32.
Nd5 Kg7 33. f4 Nd4 34. c4 a5 35. b4 axb4 36. axb4 f5 37. gxf5 Nxf5 38. b5
Nxh4 39. b6 h5 40. b7 Nf3 41. b8=Q h4 42. Qc8 Ng1 43. Qg4+ Kf7 44. Qxg1 h3
45. Qh2 Ke6 46. Qxh3+ Kd6 47. f5 Ke5 48. Qf3 Kd6 49. f6 Kc5 50. Kb3 Kd4 51.
f7 Ke5 52. f8=Q Kd4 53. Q8f4+ Kc5 54. Ne7 Kb6 55. Qf5 Kc7 56. Q3f4+ Kb6 57.
Qd6+ Ka7 58. Qa5+ {Black resigns} 1-0

[Event "ICC tourney 1981 (45 10)"]
[Site "Internet Chess Club"]
[Date "2020.08.29"]
[Round "1"]
[White "BotanicalKnight"]
[Black "lerui"]
[Result "1-0"]
[ICCResult "Black checkmated"]
[WhiteElo "1397"]
[BlackElo "1097"]
[Opening "Sicilian: Grand Prix attack"]
[ECO "B23"]
[NIC "SI.44"]
[Time "11:02:22"]
[TimeControl "2700+10"]

1. e4 c5 2. Nc3 Nc6 3. f4 e6 4. d3 d6 5. Nf3 Nf6 6. g3 Be7 7. Bg2 Qc7 8. O-O
O-O 9. a3 a5 10. Bd2 b6 11. Rc1 Bb7 12. h3 h6 13. g4 Nh7 14. Qe1 Qd8 15. Qg3
f6 16. Ne2 e5 17. h4 exf4 18. Nxf4 Ne5 19. Ne6 Nxf3+ 20. Bxf3 Qd7 21. Nxf8
Rxf8 22. Rcd1 Re8 23. g5 fxg5 24. hxg5 Nxg5 25. Bxg5 Bxg5 26. Bh5 Rd8 27.
Rf7 Qc6 28. Rdf1 Bf6 29. R1xf6 Rd7 30. Qxg7# {Black checkmated} 1-0

[Event "ICC tourney 1981 (45 10)"]
[Site "Internet Chess Club"]
[Date "2020.08.29"]
[Round "1"]
[White "NeuralNetworkQS"]
[Black "boxingguy2469x"]
[Result "1/2-1/2"]
[ICCResult "Game drawn by repetition"]
[WhiteElo "766"]
[BlackElo "1208"]
[Opening "King's pawn game"]
[ECO "C50"]
[NIC "IG.03"]
[Time "11:02:00"]
[TimeControl "2700+10"]

1. e4 e5 2. Nf3 Nc6 3. Bc4 Nd4 4. Nxd4 exd4 5. d3 g6 6. O-O Bg7 7. f4 d6 8.
f5 Nf6 9. Bg5 O-O 10. fxg6 hxg6 11. Qf3 Bg4 12. Bxf6 Bxf3 13. Bxd8 Bxg2 14.
Kxg2 Raxd8 15. Nd2 Bh6 16. Nf3 c5 17. e5 d5 18. Bb3 Kg7 19. h4 Rh8 20. Ng5
Bxg5 21. hxg5 Rh5 22. Rf3 Rxg5+ 23. Rg3 Rxe5 24. Rf1 Rh8 25. Rgf3 Rg5+ 26.
Rg3 Rgh5 27. Rgf3 Rh2+ 28. Kg3 R8h3+ 29. Kg4 Rh4+ 30. Kg3 R4h3+ 31. Kg4 Rh4+
32. Kg3 R4h3+ 33. Kg4 Rh4+ 34. Kg3 R4h3+ 35. Kg4 {Game drawn by repetition}
1/2-1/2

[Event "ICC tourney 1981 (45 10)"]
[Site "Internet Chess Club"]
[Date "2020.08.29"]
[Round "1"]
[White "paradoxical"]
[Black "oxdidi"]
[Result "0-1"]
[ICCResult "White resigns"]
[WhiteElo "956"]
[BlackElo "1329"]
[Opening "Ruy Lopez: exchange, Keres variation"]
[ECO "C68"]
[NIC "RL.08"]
[Time "11:01:56"]
[TimeControl "2700+10"]

1. e4 e5 2. Nf3 Nc6 3. Bb5 a6 4. Bxc6 dxc6 5. Nc3 Bc5 6. O-O Qd6 7. a3 Nf6
8. h3 O-O 9. d3 h6 10. b4 Bb6 11. Bb2 Re8 12. Qe2 Nh5 13. Bc1 Ng3 14. Qd1
Nxf1 15. Qxf1 Qg6 16. Nh4 Qf6 17. Nf3 Qg6 18. Nh4 Qg3 19. Nf5 Qg6 20. Be3
Bxf5 21. exf5 Qxf5 22. Bxb6 cxb6 23. Ne4 Rad8 24. f3 Re6 25. Qf2 Rg6 26. Kf1
Qe6 27. Ng3 f5 28. Qxb6 Rd6 29. Qf2 e4 30. Re1 Qe5 31. Nh5 f4 32. Nxf4 Qxf4
33. Rxe4 Qc1+ 34. Re1 Qxa3 35. Qh4 Qb2 36. Re8+ Kh7 37. Re2 Rd4 38. Qf2 Qxb4
39. g4 Qb1+ 40. Kg2 Qb4 41. Re1 h5 42. Kh2 hxg4 43. fxg4 Rf6 44. Qh4+ Rh6
45. Qf2 Rf4 46. Qg1 Qd2+ 47. Kg3 Rf7 48. Rf1 Rxf1 49. Qxf1 Qxc2 50. d4 Qc3+
51. Kh2 Qd2+ 52. Kg3 Qxd4 53. Qf5+ Rg6 54. Qh5+ Rh6 55. Qf5+ Kg8 56. Qc8+
Kf7 57. Qf5+ Rf6 58. Qh5+ Ke6 59. Qe8+ Kd5 60. Qd7+ Kc5 61. Qe7+ Qd6+ 62.
Qxd6+ Rxd6 63. h4 a5 64. h5 a4 65. h6 gxh6 66. g5 hxg5 {White resigns} 0-1

[Event "ICC tourney 1981 (45 10)"]
[Site "Internet Chess Club"]
[Date "2020.08.29"]
[Round "1"]
[White "Pranavs23"]
[Black "McTaggartfan"]
[Result "0-1"]
[ICCResult "White checkmated"]
[WhiteElo "882"]
[BlackElo "1300"]
[Opening "French defense"]
[ECO "C00"]
[NIC "FR.01"]
[Time "11:01:58"]
[TimeControl "2700+10"]

1. e4 e6 2. Nf3 d5 3. e5 c5 4. Bb5+ Nc6 5. d3 Qa5+ 6. Nc3 d4 7. Bxc6+ bxc6
8. Bd2 dxc3 9. Bxc3 Qc7 10. Qd2 Ne7 11. h4 Nd5 12. Ba5 Qb7 13. b3 Be7 14. c4
Nb6 15. Ng5 Nd7 16. Qf4 O-O 17. Qe4 g6 18. f4 Bd8 19. Bd2 a5 20. h5 Bxg5 21.
fxg5 a4 22. b4 cxb4 23. hxg6 fxg6 24. Qh4 Nxe5 25. Bxb4 Rf7 26. Bc3 Nxd3+
27. Kd2 Qd7 28. Bd4 Nf4 29. Qf2 e5 30. Qf3 Qxd4+ 31. Ke1 Nd3+ 32. Ke2 Rxf3
33. gxf3 Qxc4 34. Rac1 Qb5 35. Rcd1 Nb2+ 36. Kf2 Nxd1+ 37. Rxd1 Ba6 38. Rd2
Rf8 39. a3 Qb3 40. f4 Rxf4+ 41. Ke1 Qb1+ 42. Rd1 Qe4+ 43. Kd2 Rf2+ 44. Kc1
Qc2# {White checkmated} 0-1

[Event "ICC tourney 1981 (45 10)"]
[Site "Internet Chess Club"]
[Date "2020.08.29"]
[Round "1"]
[White "suhavit"]
[Black "rellitnitram"]
[Result "0-1"]
[ICCResult "White checkmated"]
[WhiteElo "1104"]
[BlackElo "466"]
[Opening "Four knights: Italian variation"]
[ECO "C55"]
[NIC "IG.01"]
[Time "11:01:52"]
[TimeControl "2700+10"]

1. e4 e5 2. Nf3 Nc6 3. Bc4 Nf6 4. Nc3 Nxe4 5. Nxe4 d5 6. Bd3 dxe4 7. Bxe4
Bc5 8. Bxc6+ bxc6 9. d3 Bg4 10. h3 Bh5 11. O-O O-O 12. Bg5 f6 13. Be3 Bxe3
14. fxe3 Rb8 15. Rb1 Qd5 16. a3 f5 17. Qe1 e4 18. dxe4 Qxe4 19. Qc3 Rfe8 20.
Nd4 Qxe3+ 21. Qxe3 Rxe3 22. Rxf5 Be8 23. Rbf1 h6 24. Rf8+ Kh7 25. Nxc6 Rxb2
26. Na5 Rxc2 27. R8f3 Rcc3 28. Rxe3 Rxe3 29. Nc4 Rc3 30. Re1 Bb5 31. Ne5
Rxa3 32. Rc1 Re3 33. Nc6 Bxc6 34. Rxc6 Re7 35. Ra6 c5 36. Rc6 a5 37. Ra6 Rc7
38. Rxa5 c4 39. Ra1 c3 40. Rc1 Kg6 41. Kf2 Kf5 42. Kf3 Ke5 43. Ke3 Kf5 44.
g3 h5 45. Kd3 g5 46. Rxc3 Rxc3+ 47. Kxc3 Ke4 48. Kd2 Kf3 49. Kd3 Kxg3 50.
Ke4 Kxh3 51. Kf3 g4+ 52. Kf2 g3+ 53. Kg1 Kg4 54. Kg2 h4 55. Kg1 Kh3 56. Kh1
Kg4 57. Kg2 h3+ 58. Kg1 Kf3 59. Kh1 g2+ 60. Kg1 h2+ 61. Kxh2 Kf2 62. Kh3
g1=Q 63. Kh4 Qg3+ 64. Kh5 Kf3 65. Kh6 Kf4 66. Kh7 Kf5 67. Kh8 Kf6 68. Kh7
Qg5 69. Kh8 Kf7 70. Kh7 Qh5# {White checkmated} 0-1

[Event "ICC tourney 1981 (45 10)"]
[Site "Internet Chess Club"]
[Date "2020.08.29"]
[Round "1"]
[White "sassymareese"]
[Black "mimzhang"]
[Result "1-0"]
[ICCResult "Black checkmated"]
[WhiteElo "1318"]
[BlackElo "970"]
[Opening "Ruy Lopez: Wormald (Alapin) attack"]
[ECO "C77"]
[NIC "RL.12"]
[Time "11:02:30"]
[TimeControl "2700+10"]

1. e4 e5 2. Nf3 Nc6 3. Bb5 a6 4. Ba4 Nf6 5. Qe2 Bc5 6. O-O b5 7. Bb3 d6 8.
Nc3 Bg4 9. Qd3 Bxf3 10. Qxf3 Nd4 11. Qd3 b4 12. Nd5 Ng4 13. h3 Nh6 14. Ba4+
c6 15. c3 bxc3 16. dxc3 Nb5 17. Bxb5 axb5 18. Ne3 O-O 19. b4 Bb6 20. Rd1 Qg5
21. Nd5 Qd8 22. Nxb6 Qxb6 23. Qg3 Kh8 24. Rxd6 Ng8 25. Be3 Qc7 26. Qxe5 Rad8
27. Rad1 Rxd6 28. Qxd6 Qxd6 29. Rxd6 Nf6 30. f3 h5 31. Rxc6 h4 32. Bg5 Ra8
33. Bxf6 gxf6 34. Rxf6 Rxa2 35. Rxf7 Ra1+ 36. Kh2 Kg8 37. Rf4 Rc1 38. Rxh4
Rxc3 39. Rg4+ Kh7 40. e5 Rc4 41. e6 Rc7 42. Re4 Re7 43. f4 Kg6 44. g4 Kf6
45. h4 Rxe6 46. Rxe6+ Kxe6 47. h5 Kf6 48. Kh3 Kg7 49. g5 Kh7 50. f5 Kg7 51.
h6+ Kh7 52. f6 Kg6 53. Kg4 Kf7 54. h7 Kf8 55. h8=Q+ Kf7 56. Qg7+ Ke6 57.
Qe7+ Kd5 58. f7 Kd4 59. Qd6+ Kc4 60. f8=R Kb3 61. Rf3+ Kb2 62. Qh2+ Kc1 63.
Rf1# {Black checkmated} 1-0

[Event "ICC tourney 1981 (45 10)"]
[Site "Internet Chess Club"]
[Date "2020.08.29"]
[Round "1"]
[White "vhegde"]
[Black "Gnanathan"]
[Result "1-0"]
[ICCResult "Black checkmated"]
[WhiteElo "1332"]
[BlackElo "1380"]
[Opening "Queen's pawn game"]
[ECO "D02"]
[NIC "QP.08"]
[Time "11:02:00"]
[TimeControl "2700+10"]

1. d4 d5 2. Nf3 e6 3. a3 Nf6 4. Bf4 c5 5. h3 Nc6 6. e3 Bd6 7. Bxd6 Qxd6 8.
Be2 O-O 9. O-O b6 10. Nc3 Bb7 11. Nb5 Qd7 12. a4 a6 13. Nc3 h6 14. Qd2 Qc7
15. Rfb1 Ne7 16. Ne5 Nc6 17. Nxc6 Qxc6 18. Bf3 cxd4 19. Qxd4 Rfe8 20. Rc1 e5
21. Qd2 e4 22. Be2 Qe6 23. b4 Rac8 24. b5 a5 25. Qd4 Nd7 26. Bg4 f5 27. Bh5
Re7 28. Nb1 Qe5 29. Qxe5 Nxe5 30. Nd2 Nc4 31. Nb3 Rec7 32. Nd4 Nd6 33. Bg6
Rf8 34. Ne6 Rfc8 35. Nxc7 Rxc7 36. c3 Nc4 37. Bxf5 Nb2 38. Be6+ Kf8 39. Rc2
Nd3 40. c4 Nb4 41. Rc3 dxc4 42. Rxc4 Re7 43. Bg4 Bd5 44. Rc8+ Kf7 45. Rac1
Kg6 46. Rb8 Bb3 47. Bd1 Bxd1 48. Rxd1 Re6 49. Rbd8 Nd3 50. Rd2 Kh5 51. Rc2
Nb4 52. Rc7 g5 53. Rcd7 Re5 54. Rd6 Rc5 55. Rxb6 Nd3 56. Rdd6 g4 57. Rxh6+
Kg5 58. Rhg6+ Kf5 59. hxg4+ Ke5 60. Rge6+ Kd5 61. Rbd6+ Kc4 62. Rxe4+ Kb3
63. Red4 Rc1+ 64. Kh2 Nxf2 65. Kg3 Nh1+ 66. Kf4 Rf1+ 67. Ke5 Ng3 68. b6 Ne2
69. Rd3+ Kxa4 70. b7 Rf5+ 71. Kxf5 Ng3+ 72. Ke6 Ne2 73. b8=Q Nf4+ 74. Kf5
Nxd3 75. Rd4+ Nb4 76. g5 Ka3 77. g6 Nc6 78. Rd3+ Ka4 79. Qh8 Nb4 80. g7 Nxd3
81. g8=Q Nb4 82. Qe8+ Ka3 83. Qa1+ Kb3 84. Qea4+ Kc4 85. Qxa5 Nd5 86. Q1a2+
Kd3 87. Q5xd5+ Kxe3 88. Qad2# {Black checkmated} 1-0

[Event "ICC tourney 1981 (45 10)"]
[Site "Internet Chess Club"]
[Date "2020.08.29"]
[Round "1"]
[White "JPJetti"]
[Black "Cougar2020"]
[Result "0-1"]
[ICCResult "White checkmated"]
[WhiteElo "245"]
[BlackElo "1153"]
[Opening "French: Steinitz variation"]
[ECO "C11"]
[NIC "FR.04"]
[Time "11:02:46"]
[TimeControl "2700+10"]

1. e4 e6 2. Nc3 d5 3. d4 Nf6 4. e5 Nfd7 5. Qf3 c5 6. Be3 Nc6 7. dxc5 d4 8.
Bf4 dxc3 9. Qxc3 Bxc5 10. a3 Qb6 11. Nh3 O-O 12. Qg3 Rd8 13. Bh6 g6 14. b4
Bd4 15. Rd1 Bxe5 16. Qf3 Bg7 17. Ng5 Nce5 18. Qh3 Nf6 19. Be2 Rxd1+ 20. Bxd1
Qd4 21. O-O Bd7 22. Be2 Neg4 23. c3 Qf4 24. g3 Qf5 25. Bxg4 Qxg4 26. Qxg4
Nxg4 27. Bxg7 Kxg7 28. Rd1 Bc6 29. Nh3 a5 30. Nf4 axb4 31. axb4 Ne5 32. h4
Ra3 33. Rc1 Nf3+ 34. Kf1 g5 35. hxg5 Nxg5 36. Ke1 Ne4 37. c4 b5 38. c5 Rb3
39. Ke2 Rxb4 40. Nd3 Rc4 41. Rxc4 bxc4 42. Ne5 c3 43. Kd1 Ba4+ 44. Kc1 Nxc5
45. f4 c2 46. Nc4 Nb3+ 47. Kxc2 Nd4+ 48. Kd2 h5 49. Ke3 Nf5+ 50. Kf2 f6 51.
Nd2 e5 52. fxe5 fxe5 53. Kf3 Kf6 54. Ke4 Nxg3+ 55. Kf3 Nf5 56. Ne4+ Kg6 57.
Nc5 Bc6+ 58. Kf2 h4 59. Nd3 Kf6 60. Kg1 e4 61. Ne1 e3 62. Kf1 h3 63. Kg1 Kg5
64. Kh2 Kg4 65. Kg1 Kg3 66. Ng2 h2+ 67. Kf1 h1=Q+ 68. Ke2 Bb5#
{White checkmated}
0-1

[Event "ICC tourney 1981 (45 10)"]
[Site "Internet Chess Club"]
[Date "2020.08.29"]
[Round "2"]
[White "srikardesu"]
[Black "HeSteven"]
[Result "0-1"]
[ICCResult "White checkmated"]
[WhiteElo "189"]
[BlackElo "897"]
[Opening "Hungarian defense"]
[ECO "C50"]
[NIC "IG.03"]
[Time "13:32:24"]
[TimeControl "2700+10"]

1. e4 e5 2. Nf3 Nc6 3. Bc4 Be7 4. d3 Nf6 5. Ng5 O-O 6. O-O Na5 7. Qf3 Nxc4
8. Qh3 h6 9. Nf3 d6 10. Qg3 Nh5 11. Qh3 Bxh3 12. gxh3 Nb6 13. Nc3 Qd7 14.
Kh1 Qxh3 15. Rg1 Qxf3+ 16. Rg2 Bg5 17. Be3 Bxe3 18. fxe3 Rfe8 19. Kg1 Re6
20. Rf1 Qxe3+ 21. Rff2 Nf4 22. Rg3 Rg6 23. Kf1 Rxg3 24. hxg3 Qc1+ 25. Nd1
Qxd1# {White checkmated} 0-1

[Event "ICC tourney 1981 (45 10)"]
[Site "Internet Chess Club"]
[Date "2020.08.29"]
[Round "2"]
[White "oxdidi"]
[Black "charanreddy"]
[Result "0-1"]
[ICCResult "White resigns"]
[WhiteElo "1318"]
[BlackElo "1208"]
[Opening "King's pawn game"]
[ECO "C50"]
[NIC "IG.03"]
[Time "13:31:34"]
[TimeControl "2700+10"]

1. e4 e5 2. Nf3 Nc6 3. Bc4 d6 4. c3 Be7 5. d3 Nf6 6. Nbd2 Be6 7. Bxe6 fxe6
8. O-O O-O 9. Re1 Qe8 10. Nf1 Qg6 11. Ng3 Nh5 12. Qe2 Nf4 13. Qe3 Bg5 14. h4
Nh3+ 15. gxh3 Bxe3 16. Bxe3 Rxf3 17. Bg5 Raf8 18. Re2 h6 19. Bd2 Rxg3+ 20.
fxg3 Qxg3+ 21. Rg2 Qxh4 22. Rh2 Rf3 23. Be1 Qg5+ 24. Rg2 Qe3+ 25. Kh1 Rxh3+
26. Rh2 Qxd3 27. Bf2 Qxe4+ 28. Kg1 Rxh2 29. Kxh2 Qc2 30. Rf1 Qxb2 31. Kg3
Qxc3+ 32. Kg2 Nd4 33. Bxd4 exd4 34. Rd1 d3 35. Rf1 Qc2+ 36. Rf2 Qc1 37. Rf1
d2 38. Rh1 d1=Q 39. Rxd1 Qxd1 {White resigns} 0-1

[Event "ICC tourney 1981 (45 10)"]
[Site "Internet Chess Club"]
[Date "2020.08.29"]
[Round "2"]
[White "AJRChess2011"]
[Black "Pranavs23"]
[Result "1-0"]
[ICCResult "Black checkmated"]
[WhiteElo "1183"]
[BlackElo "871"]
[Opening "Ruy Lopez: Cozio defense"]
[ECO "C60"]
[NIC "RL.04"]
[Time "13:33:21"]
[TimeControl "2700+10"]

1. e4 e5 2. Nf3 Nc6 3. Bb5 Nge7 4. Nc3 a6 5. Bxc6 Nxc6 6. O-O Bc5 7. Nxe5
Bxf2+ 8. Rxf2 Nxe5 9. d4 Ng6 10. d5 d6 11. Be3 Qd7 12. h3 O-O 13. Qd3 Re8
14. Raf1 Ne5 15. Qe2 Rf8 16. Bd4 Qe7 17. Qh5 b5 18. Bxe5 dxe5 19. Ne2 Ra7
20. Ng3 g6 21. Qh6 a5 22. Rf6 Qc5+ 23. Kh2 Qe7 24. Qg5 Ra6 25. Rxg6+ fxg6
26. Qxe7 Rxf1 27. Nxf1 Bb7 28. Qxc7 Ra7 29. Qb8+ Kg7 30. Qxa7 Kh6 31. Qxb7
b4 32. d6 a4 33. d7 b3 34. d8=Q bxa2 35. Qh4# {Black checkmated} 1-0

[Event "ICC tourney 1981 (45 10)"]
[Site "Internet Chess Club"]
[Date "2020.08.29"]
[Round "2"]
[White "PirateKing"]
[Black "suhavit"]
[Result "0-1"]
[ICCResult "White checkmated"]
[WhiteElo "846"]
[BlackElo "1125"]
[Opening "Queen's bishop game"]
[ECO "D00"]
[NIC "QP.08"]
[Time "13:31:33"]
[TimeControl "2700+10"]

1. d4 d5 2. Bf4 Nf6 3. Nf3 Bf5 4. h3 e6 5. e3 a6 6. Bd3 Bg6 7. O-O Bd6 8.
Bh2 O-O 9. Nbd2 Qe7 10. Qe2 Nbd7 11. c3 c5 12. Ne5 Bxe5 13. dxe5 Ne4 14.
Bxe4 Bxe4 15. f3 Bg6 16. e4 c4 17. Rad1 Rac8 18. f4 h6 19. exd5 exd5 20. Nf3
Bd3 21. Rxd3 cxd3 22. Qxd3 Qc5+ 23. Kh1 Qc4 24. Qxc4 dxc4 25. Rd1 Nc5 26.
Ne1 Nd3 27. Nxd3 cxd3 28. Rxd3 Rfd8 29. Rxd8+ Rxd8 30. Bg3 g6 31. Kh2 Rd2
32. b4 Rxa2 33. h4 h5 34. Kh3 Rc2 35. Be1 Re2 36. Bg3 Re3 37. c4 Rc3 38. c5
Kf8 39. Kh2 Ke8 40. Be1 Rc4 41. Bf2 Rxb4 42. g3 Rb2 43. Kg2 a5 44. Kf1 a4
45. Bd4 Rb3 46. Ke2 Rxg3 47. e6 fxe6 48. Bf6 a3 49. Kf2 Rb3 50. c6 bxc6 51.
Ke2 a2 52. Be5 Rb1 53. Kd2 a1=Q 54. Bxa1 Rxa1 55. Kc2 c5 56. Kc3 Ra4 57. Kb3
Rxf4 58. Kc3 e5 59. Kd3 e4+ 60. Ke3 Rxh4 61. Ke2 c4 62. Kd2 g5 63. Kc3 e3
64. Kc2 e2 65. Kd2 Re4 66. Ke1 c3 67. Kf2 c2 68. Ke1 c1=Q+ 69. Kf2 Qf1+ 70.
Kg3 Rg4+ 71. Kh2 Qg2# {White checkmated} 0-1

[Event "ICC tourney 1981 (45 10)"]
[Site "Internet Chess Club"]
[Date "2020.08.29"]
[Round "2"]
[White "aslan777"]
[Black "sassymareese"]
[Result "0-1"]
[ICCResult "White checkmated"]
[WhiteElo "488"]
[BlackElo "1192"]
[Opening "QGA, 4.e3"]
[ECO "D25"]
[NIC "QG.08"]
[Time "13:31:34"]
[TimeControl "2700+10"]

1. d4 d5 2. Nf3 Nf6 3. c4 dxc4 4. e3 Bf5 5. Bxc4 e6 6. O-O Be7 7. Nc3 O-O 8.
Nh4 Bg6 9. Nxg6 hxg6 10. Bd3 Nc6 11. Qf3 e5 12. Rd1 exd4 13. exd4 Re8 14. d5
Ne5 15. Qg3 Nxd3 16. Rxd3 Bd6 17. Bf4 Nh5 18. Qg4 Bxf4 19. Rh3 Qg5 20. Qd7
Nf6 21. Qb5 b6 22. Rd1 Rad8 23. g3 Bd6 24. Kg2 Bc5 25. b4 Bf8 26. Rd4 Nh5
27. Rdh4 Bd6 28. g4 Nf4+ 29. Kg3 Nxh3+ 30. Kxh3 Be7 31. Kg2 Qxh4 32. h3 Bf6
33. Qc6 Bxc3 34. Qxc3 Qe7 35. Qb3 Qe4+ 36. f3 Qe2+ 37. Kg3 Qe5+ 38. Kg2 Qxd5
39. Qa4 Re2+ 40. Kg3 Qe5+ 41. f4 Qe3+ 42. Kh4 Qxf4 43. Qxa7 Qh6+ 44. Kg3
Rd3# {White checkmated} 0-1